 Dungeon Crawl Stone Soup version 0.25-a0-1119-g28b6fd0c3b (webtiles) character file.

Game seed: 14927441111469060543, levelgen mode: deterministic

11927 tilp the Basher (level 12, -10/70 HPs)
             Began as a Kobold Arcane Marksman on May 18, 2020.
             Was a High Priest of Okawaru.
             Killed from afar by Josephine (23 damage)
             ... with a ghostly fireball
             ... on level 10 of the Dungeon.
             The game lasted 00:39:50 (16821 turns).

tilp the Basher (Kobold Arcane Marksman)           Turns: 16821, Time: 00:39:50

Health: -10/70     AC: 13    Str: 11    XL:     12   Next: 13%
Magic:  18/18      EV:  8    Int: 16    God:    Okawaru [*****.]
Gold:   150        SH:  0    Dex: 15    Spells: 7/13 levels left

rFire    . . .     SeeInvis .   b - +10 morningstar of Fury {pain, rC+}
rCold    + . .     Gourm    .   (shield restricted)
rNeg     . . .     Faith    .   I - +0 chain mail
rPois    .         Spirit   .   r - +2 helmet
rElec    .         Reflect  .   (no cloak)
rCorr    .         Harm     .   (no gloves)
MR       .....                  w - +1 pair of boots {Stlth+}
Stlth    ..........             F - amulet of magic regeneration
HPRegen  0.21/turn              E - ring of flight
MPRegen  0.41/turn              (no ring)

@: heavily drained
A: small, carnivore
a: Heroism, Finesse, Renounce Religion, Evoke Flight


You were on level 10 of the Dungeon.
You worshipped Okawaru.
Okawaru was extremely pleased with you.
You were full.

You visited 1 branch of the dungeon, and saw 10 of its levels.

You collected 639 gold pieces.
You spent 489 gold pieces at shops.

Inventory:

Hand Weapons
 a - a +0 hand crossbow
 b - the +10 morningstar of Fury (weapon) {pain, rC+}
   (You bought it in a shop on level 5 of the Dungeon)

   In the hands of one skilled in necromantic magic, it inflicts extra damage on
   living creatures.
   It protects you from cold.
 n - a +4 triple crossbow
 B - a +0 arbalest
Missiles
 d - 127 bolts
 i - 50 poisoned darts (quivered)
 x - 4 boomerangs
Armour
 r - a +2 helmet (worn)
 s - a +2 ring mail of positive energy
 w - a +1 pair of boots of stealth (worn)
 y - a +2 robe
 A - a cursed +0 ring mail
 I - a +0 chain mail (worn)
Jewellery
 o - an uncursed ring of fire
 E - a ring of flight (left hand)
 F - an amulet of magic regeneration (around neck)
Wands
 p - a wand of enslavement (1)
 v - a wand of random effects (10)
Scrolls
 f - 4 scrolls of identify
 h - 4 scrolls of teleportation
 j - 2 scrolls of immolation
 k - 5 scrolls of remove curse
 l - a scroll of amnesia {unknown}
 q - a scroll of noise {unknown}
 G - a scroll of acquirement {unknown}
 K - a scroll of fog {unknown}
 L - a scroll of blinking
Potions
 e - a potion of stabbing
 g - a potion of lignification
 m - 2 potions of haste
 u - a potion of invisibility
 z - a potion of flight
 C - a potion of magic
 D - 2 potions of resistance
 H - 3 potions of curing
 J - a potion of might
Comestibles
 c - 27 rations


   Skills:
 - Level 6.0(4.2) Fighting
 + Level 12.6(10.5) Maces & Flails
 - Level 6.0(4.2) Crossbows
 - Level 6.0(4.2) Dodging
 - Level 4.0(2.3) Stealth
 - Level 1.1(0.0) Spellcasting
 - Level 3.0(1.3) Hexes
 - Level 8.0(6.1) Invocations
 - Level 4.0(2.3) Evocations


You had 7 spell levels left.
You knew the following spells:

 Your Spells              Type           Power        Failure   Level  Hunger
a - Corona                Hex            #......      100%        1    ##.....
b - Slow                  Hex            #.......     100%        2    ###....
c - Tukima's Dance        Hex            #.......     100%        3    ####...

Your spell library contained the following spells:

 Spells                   Type           Power        Failure   Level  Hunger
 Beastly Appendage        Tmut           #.....       100%        1    ##.....
 Ensorcelled Hibernation  Hex/Ice        #.....       100%        2    ###....
 Sticks to Snakes         Tmut           #.......     100%        2    ###....
 Confusing Touch          Hex            #.......     100%        3    ####...
 Dazzling Flash           Conj/Hex       #.....       100%        3    ####...
 Inner Flame              Hex/Fire       #.......     100%        3    ####...
 Portal Projectile        Hex/Tloc       #.....       100%        3    ####...
 Spider Form              Tmut/Pois      #.........   100%        3    ####...
 Cause Fear               Hex            #.........   100%        4    #####..
 Ice Form                 Ice/Tmut       #.......     100%        4    #####..
 Leda's Liquefaction      Hex/Erth       #.........   100%        4    #####..
 Blade Hands              Tmut           #.........   100%        5    ######.


Dungeon Overview and Level Annotations

Branches:
Dungeon (10/15)            Temple (0/1) D:6            Lair (0/6) D:9
    Orc (0/2) D:10

Altars:
Ashenzari
Cheibriados
Dithmenos
Elyvilon
Fedhas
Gozag
Hepliaklqana
Kikubaaqudgha
Nemelex Xobeh
Okawaru
Sif Muna
Yredelemnul

Shops:
D:4 *   D:5 (   D:8 %

Annotations:
D:7 2 headed ogre lhs!
D:8 maurice has cloak of rpois, Maurice
D:10 Josephine


Innate Abilities, Weirdness & Mutations

You are small and have problems with some larger weapons.
You are carnivorous and can eat meat at any time.


Message History

Unknown command.
You bludgeon Josephine!!
Josephine is severely wounded.
Josephine casts a spell at you.
The ghostly flame explodes!
The ghostly fireball engulfs you!!
You feel drained.
* * * LOW HITPOINT WARNING * * *
The ghostly fireball engulfs Josephine.
Josephine completely resists.
You bludgeon Josephine!!
Josephine is almost dead.
Josephine is infused with unholy energy.
* * * LOW HITPOINT WARNING * * *
Josephine draws life force from you and is healed!
Unknown command.
Your chain mail prevents you from hitting Josephine.
Josephine is almost dead.
Josephine gestures at you while chanting.
The ghostly flame explodes!
The ghostly fireball engulfs you!!
You feel drained.
You die...

#......# +.......
#.$....### #.......
#......'. #....)..
#......# #.......
#......# #.......
#......# #.......
#WWW...# #.......
#@### #.....>. #@..#
##'##### ######'##
#...# #.......#
###.### #....(..###
#....# #.......'.#
#....#
#.......#[######.....
#.......#..)..##....#
#.......#####.......#
#.......# ####....#


You could see Josephine and 3 wraiths.

Vanquished Creatures
  Harold (D:10)
  3 two-headed ogres (D:10)
  Urug (D:10)
  An elephant (D:9)
  A gargoyle (D:10)
  2 hornets (D:8)
  4 hippogriffs
  Sigmund (D:3)
  A basilisk (D:9)
  10 yaks (D:9)
  2 wraiths (D:10)
  3 hungry ghosts
  A two-headed ogre zombie (D:10)
  A water moccasin (D:7)
  2 orc warriors
  4 sky beasts
  An ogre (D:7)
  5 phantoms
  5 centaurs
  2 crocodiles
  3 big kobolds
  4 bullfrogs
  A scorpion (D:7)
  A troll zombie (D:10)
  9 killer bees
  2 electric eels (D:9)
  2 howler monkeys
  11 crimson imps
  A bullfrog zombie (D:10)
  9 hounds
  2 bullfrog skeletons
  2 orc priests
  2 centaur skeletons
  6 orc wizards
  Jessica (D:3)
  An iguana (D:6)
  A killer bee zombie (D:9)
  8 worker ants
  6 ogre zombies (D:10)
  A hound zombie (D:7)
  A worker ant zombie (D:10)
  5 adders
  5 gnolls
  A white imp (D:8)
  An adder zombie (D:9)
  2 worms (D:2)
  2 adder skeletons
  2 dart slugs
  A leopard gecko (D:9)
  18 orcs
  3 ball pythons
  7 bats
  6 giant cockroaches
  3 goblins
  5 hobgoblins
  11 jackals
  17 kobolds
  A quokka (D:7)
  4 frilled lizards
  3 goblin skeletons (D:10)
  4 goblin zombies (D:10)
  A hobgoblin skeleton (D:10)
  2 hobgoblin zombies (D:10)
  An orc skeleton (D:10)
  14 orc zombies (D:10)
  8 rats
252 creatures vanquished.

Vanquished Creatures (others)
  A yak (D:9)
1 creature vanquished.

Grand Total: 253 creatures vanquished

Notes
Turn   | Place    | Note
-------+----------+-------------------------------------------
     0 | D:1      | tilp the Kobold Arcane Marksman began the quest for the
                  | Orb.
     0 | D:1      | Reached XP level 1. HP: 12/12 MP: 2/2
   139 | D:1      | Reached XP level 2. HP: 17/17 MP: 3/3
   869 | D:1      | Reached XP level 3. HP: 20/23 MP: 4/4
  1761 | D:2      | Found a sparkling altar of Nemelex Xobeh.
  1870 | D:2      | Reached XP level 4. HP: 12/29 MP: 5/5
  3034 | D:3      | Noticed Sigmund
  3095 | D:3      | Found a faded altar of an unknown god.
  3095 | D:3      | You fall into a shaft and drop 2 floors!
  3095 | D:5      | Entered Level 5 of the Dungeon
  3132 | D:5      | Reached XP level 5. HP: 31/33 MP: 6/6
  3216 | D:5      | Reached skill level 5 in Crossbows
  3346 | D:5      | Reached XP level 6. HP: 34/38 MP: 7/7
  3464 | D:5      | Found a shimmering blue altar of Sif Muna.
  3496 | D:5      | Reached skill level 1 in Evocations
  3733 | D:5      | Found a snail-covered altar of Cheibriados.
  3733 | D:5      | Found a basalt altar of Yredelemnul.
  3920 | D:5      | Reached XP level 7. HP: 39/43 MP: 9/9
  4206 | D:5      | Found Ebruely's Antique Weapon Boutique.
  4312 | D:4      | Reached skill level 1 in Stealth
  4870 | D:4      | Reached XP level 8. HP: 48/48 MP: 11/11
  5097 | D:3      | Noticed Jessica
  5104 | D:3      | Killed Jessica
  5104 | D:3      | Reached skill level 5 in Fighting
  5138 | D:3      | Killed Sigmund
  5712 | D:4      | Found an iron altar of Okawaru.
  5712 | D:4      | Found a blossoming altar of Fedhas.
  5713 | D:4      | Found a white marble altar of Elyvilon.
  5720 | D:4      | Became a worshipper of Warmaster Okawaru
  5788 | D:4      | Found Ucroes's Assorted Antiques.
  5940 | D:5      | Bought a bone morningstar for 279 gold pieces
  5940 | D:5      | Identified the +10 morningstar of Fury {pain, rC+} (You
                  | bought it in a shop on level 5 of the Dungeon)
  6073 | D:5      | Reached skill level 5 in Dodging
  6481 | D:6      | Reached skill level 1 in Maces & Flails
  6514 | D:6      | Reached skill level 2 in Maces & Flails
  6689 | D:6      | Reached skill level 1 in Invocations
  6812 | D:6      | Found a staircase to the Ecumenical Temple.
  6815 | D:6      | Reached XP level 9. HP: 55/55 MP: 12/12
  6901 | D:6      | Reached skill level 3 in Maces & Flails
  7656 | D:7      | Reached * piety under Okawaru
  7885 | D:7      | Reached skill level 4 in Maces & Flails
  7885 | D:7      | Noticed a two-headed ogre
  7887 | D:7      | Noticed a hippogriff
  8239 | D:6      | Killed a hippogriff
  8239 | D:6      | Reached ** piety under Okawaru
  8239 | D:6      | Reached skill level 5 in Invocations
  8559 | D:7      | Reached skill level 5 in Maces & Flails
  9458 | D:8      | Noticed a hornet
  9469 | D:8      | Paralysed by a hornet for 2 turns
  9471 | D:8      | Killed a hornet
  9471 | D:8      | Reached XP level 10. HP: 7/60 MP: 14/14
  9483 | D:7      | HP: 3/60 [poisoned by a hornet]
  9491 | D:7      | HP: 3/60 [poisoned by a hornet]
  9844 | D:8      | Found Zaofuaf's Food Shop.
  9861 | D:8      | Reached skill level 6 in Maces & Flails
 10090 | D:8      | Found a shattered altar of Ashenzari.
 10177 | D:8      | Found an opulent altar of Gozag.
 10336 | D:4      | Bought a pair of glowing boots for 210 gold pieces
 10415 | D:8      | Paralysed by a hornet for 2 turns
 10656 | D:8      | Noticed Maurice
 10831 | D:8      | You fall into a shaft and drop 1 floor!
 10866 | D:9      | Found a shadowy altar of Dithmenos.
 11166 | D:9      | Found a hazy altar of Hepliaklqana.
 11299 | D:8      | Reached skill level 7 in Maces & Flails
 11532 | D:9      | Found an ancient bone altar of Kikubaaqudgha.
 11537 | D:9      | Reached *** piety under Okawaru
 11812 | D:9      | Learned a level 2 spell: Slow
 11816 | D:9      | Learned a level 3 spell: Tukima's Dance
 11830 | D:9      | Found a staircase to the Lair.
 11986 | D:9      | Reached skill level 8 in Maces & Flails
 12395 | D:9      | Noticed an elephant
 12418 | D:9      | Killed an elephant
 12444 | D:9      | Reached XP level 11. HP: 54/64 MP: 17/17
 12462 | D:9      | Reached skill level 9 in Maces & Flails
 12471 | D:9      | Reached **** piety under Okawaru
 12477 | D:9      | Received a gift from Okawaru
 13261 | D:9      | Reached skill level 10 in Maces & Flails
 13493 | D:9      | Received a gift from Okawaru
 13871 | D:10     | Entered Level 10 of the Dungeon
 13907 | D:10     | Noticed Harold
 13924 | D:10     | Killed Harold
 13924 | D:10     | Reached skill level 11 in Maces & Flails
 13958 | D:10     | Noticed a two-headed ogre
 14142 | D:10     | Noticed Urug
 14421 | D:10     | Killed a two-headed ogre
 14496 | D:10     | Noticed a two-headed ogre
 14507 | D:10     | Killed a two-headed ogre
 14507 | D:10     | Reached ***** piety under Okawaru
 14935 | D:10     | Received a gift from Okawaru
 15132 | D:10     | Killed Urug
 15132 | D:10     | Reached skill level 12 in Maces & Flails
 15133 | D:10     | Noticed a two-headed ogre
 15444 | D:10     | Killed a two-headed ogre
 15444 | D:10     | Reached XP level 12. HP: 69/70 MP: 18/18
 16219 | D:10     | Found a staircase to the Orcish Mines.
 16422 | D:10     | HP: 2/70 [something (8)]
 16813 | D:10     | Noticed Josephine
 16821 | D:10     | Killed from afar by Josephine

Illustrated notes

Levels and vault maps discovered:
D:1:      sevenhm_arrival_forest_fort_small_3, layout_loops_ring, serial_forest,
          infiniplex_forest_lined_room_, infiniplex_forest_straight_2,
          infiniplex_forest_lined_4_way, infiniplex_forest_clump_medium,
          infiniplex_forest_straight_5
D:2:      layout_basic, nemelex_xobeh_ov_fountains_minmay, first_ration,
          bh_walls_and_bars
D:3:      layout_rooms, chequers_ecumenical_altar_island, uniq_jessica,
          uniq_sigmund
D:4:      layout_rooms, chequers_temple_overflow_statue_of_worship,
          serial_shops, kennysheep_mini_moat, minmay_unequal
D:5:      layout_gridville, led_sif_book, gammafunk_temple_overflow_elements,
          serial_shops, nicolae_shop_trees, cheibrodos_gnoll_hut
D:6:      layout_layer_cave, temple_fountains
D:7:      layout_cave_pods, minmay_diced_spiral
D:8:      layout_rooms, lemuel_crystal_altar, evilmike_ruin_ashenzari,
          serial_shops, shop, hangedman_pestilent_swarm, minmay_nine_imps,
          uniq_maurice
D:9:      argonaut_augean_stables, layout_loops_ring,
          nicolae_dithmenos_the_darkroom, kiku_gazebo_garden_becter,
          overflow_temple_1_default, david_lair_generic,
          chequers_serial_rivers_large_b, chequers_serial_rivers_micro_e
D:10:     layout_roguey, zombieorc2_lemuel, dk_rats_in_the_wall, uniq_harold,
          uniq_josephine, uniq_urug

Skill      XL: |  1  2  3  4  5  6  7  8  9 10 11 |
---------------+----------------------------------+-----
Fighting       | 2 3 4 6 |  6.0
Crossbows      | 3 5 6 |  6.0
Evocations     | 3 4 |  4.0
Stealth        | 3 4 |  4.0
Dodging        | 3 6 |  6.0
Maces & Flails | 2 5 8 12 | 12.6
Invocations    | 1 6 8 |  8.0
Spellcasting   | |  1.1
Hexes          | |  3.0

Action                   |  1- 3 |  4- 6 |  7- 9 | 10-12 || total
-------------------------+-------+-------+-------+-------++-------
Melee: Dagger            |   130 |    27 |       |       ||   157
       Flail             |       |     1 |    74 |       ||    75
       Morningstar       |       |       |   112 |   440 ||   552
       Punch             |       |       |       |     3 ||     3
       Hand crossbow     |       |       |       |     2 ||     2
 Fire: Hand crossbow     |    28 |    81 |   129 |    65 ||   303
Throw: Dart              |       |       |       |     8 ||     8
 Cast: Corona            |       |     4 |     3 |     1 ||     8
Invok: Heroism           |       |       |       |     9 ||     9
Evoke: Wand              |       |     4 |       |     2 ||     6
  Use: Scroll            |     2 |     4 |     9 |     8 ||    23
       Potion            |       |       |     2 |     1 ||     3
 Stab: Sleeping          |     1 |       |     1 |     1 ||     3
  Eat: Chunk             |    10 |     8 |    25 |    35 ||    78
Armor: Robe              |    30 |     2 |     2 |       ||    34
       Leather armour    |       |    16 |    26 |       ||    42
       Scale mail        |       |       |    63 |    56 ||   119
       Chain mail        |       |       |       |   172 ||   172
Dodge: Dodged            |   153 |    74 |   269 |   188 ||   684

Table legend:
 A = Non-vault XP
 B = Vault XP
 C = Vault XP percentage of total XP
 D = Non-vault monster count
 E = Vault monster count
 F = Vault count percentage of total count
                 A         B        C        D         E       F
            +---------+---------+-------+---------+---------+-------
      Total |    9208 |    7831 |  46.0 |     177 |      76 |  30.0
            +---------+---------+-------+---------+---------+-------
        D:1 |      32 |       0 |   0.0 |      20 |       0 |   0.0
        D:2 |      72 |       0 |   0.0 |      18 |       0 |   0.0
        D:3 |      20 |     260 |  92.9 |      11 |       2 |  15.4
        D:4 |     106 |       0 |   0.0 |       7 |       0 |   0.0
        D:5 |     731 |     221 |  23.2 |      21 |       4 |  16.0
        D:6 |    1192 |       0 |   0.0 |      20 |       0 |   0.0
        D:7 |     904 |     175 |  16.2 |      19 |       2 |   9.5
        D:8 |     803 |    1016 |  55.9 |       6 |      13 |  68.4
        D:9 |    1886 |    3152 |  62.6 |      39 |      15 |  27.8
       D:10 |    3462 |    3007 |  46.5 |      16 |      40 |  71.4
            +---------+---------+-------+---------+---------+-------
